Map: Pride of Altaris LE

Players

Warthog - Winner!

  • Race: Terran Terran
  • League: Diamond
  • Spawn Location: 11:00

Wernah

  • Race: Zerg Zerg
  • League: Diamond
  • Spawn Location: 5:00

VOD

Have the link to the VOD?

Description

Time

  • Played on: Nov. 23, 2021, 4:14 p.m.
  • Length: 11:10
Show
View Real Time Build Order
Export as new Build Order

Warthog Terran - Winner!

Build Orders: Liberator Opening, Reaper Expand 

Get SALT Encoding   

  12  0:00  SCV  
  13  0:12  SCV  
  14  0:17  Supply Depot  
  14  0:25  SCV  
  15  0:39  SCV  
  15  0:42  Barracks  
  16  0:47  Refinery  
  16  0:51  SCV  
  17  1:03  SCV  
  18  1:15  SCV  
  19  1:28  Orbital Command  
  19  1:29  Reaper  
  20  1:39  Command Center  
  20  1:52  Supply Depot  
  20  1:56  SCV  
  20  2:01  Marine  
  22  2:08  SCV  
  23  2:16  Factory  
  23  2:19  Refinery  
  23  2:20  SCV  
  24  2:33  SCV  
  25  2:43  Barracks Reactor  
  25  2:45  SCV  
  26  2:52  Orbital Command  
  26  2:57  SCV  
  27  3:01  Starport  
  27  3:15  SCV  
  28  3:24  SCV  
  28  3:25  Hellion x2  
  33  3:27  SCV  
  34  3:36  SCV  
  34  3:39  Liberator, SCV  
  34  3:40  Marine  
  40  3:44  Bunker  
  40  3:47  Hellion x2  
  40  3:48  SCV  
  45  3:59  SCV  
  45  4:06  SCV  
  46  4:10  Supply Depot  
  46  4:14  Command Center  
  46  4:15  Supply Depot  
  46  4:31  SCV x2  
  46  4:32  Hellion x2  
  46  4:33  Supply Depot  
  46  4:34  Starport Reactor  
  46  4:35  Barracks Tech Lab  
  52  4:41  Barracks x2  
  52  4:43  SCV x2  
  54  4:46  Supply Depot  
  54  4:55  SCV x2  
  56  5:00  Hellion x2  
  60  5:08  SCV  
  60  5:10  Stimpack  
  59  5:14  SCV  
  59  5:15  Engineering Bay x2  
  59  5:16  Refinery  
  59  5:17  Refinery  
  59  5:20  SCV  
  59  5:21  Starport Reactor  
  52  5:27  SCV  
  53  5:30  Marine  
  55  5:35  SCV, Barracks  
  55  5:36  Orbital Command  
  55  5:37  Barracks  
  55  5:38  Factory Reactor  
  55  5:43  Terran Infantry Armor Level 1, Terran Infantry Weapons Level 1  
  55  5:45  Marine x4  
  55  5:48  Marine  
  60  5:52  SCV  
  60  5:56  Orbital Command  
  61  6:01  Medivac  
  61  6:02  Medivac, Marine  
  61  6:03  Marine x2  
  68  6:06  Marine  
  68  6:09  SCV x2  
  71  6:21  SCV x3  
  71  6:23  Marine x4  
  71  6:25  Barracks Reactor x2  
  78  6:26  Widow Mine x2  
  78  6:27  Marine  
  78  6:31  Medivac, Armory  
  78  6:32  Medivac  
  87  6:33  SCV  
  88  6:43  Marine x2  
  88  6:44  Marine x2  
  88  6:46  SCV  
  93  6:50  Supply Depot  
  93  6:51  Supply Depot x2  
  93  7:00  Combat Shield  
  93  7:11  SCV x3, Medivac, Marine  
  93  7:15  Supply Depot  
  99  7:16  Factory  
  99  7:18  Factory Tech Lab, Marine  
  99  7:19  Supply Depot  
  99  7:21  Command Center  
  100  7:23  SCV x2, Marine x2  
  100  7:24  Marine x5  
  100  7:29  Marauder  
  111  7:36  SCV x3, Marine  
  115  7:39  Refinery  
  115  7:43  Refinery  
  115  7:45  Marine x2  
  115  7:46  Supply Depot, Medivac x2  
  115  7:48  SCV x2  
  115  7:51  Marauder  
  125  7:59  Terran Infantry Armor Level 2, Terran Infantry Weapons Level 2  
  125  8:13  Marine  
  125  8:14  Factory Tech Lab, Marine  
  125  8:15  SCV x3  
  125  8:19  Concussive Shells  
  130  8:20  Supply Depot  
  130  8:24  Supply Depot  
  130  8:32  Medivac x2, Siege Tank, Marine  
  130  8:33  Marauder, Marine x5  
  145  8:34  Terran Vehicle Weapons Level 1  
  145  8:35  Supply Depot  
  145  8:59  Supply Depot  
  145  9:00  Siege Tank  
  145  9:01  Supply Depot  
  145  9:02  Medivac, Marauder, Marine x2  
  154  9:03  Supply Depot  
  154  9:04  Siege Tank  
  157  9:15  Planetary Fortress  
  157  9:23  Marauder  
  159  9:28  Barracks, Marine x2  
  159  9:29  Marine x6  
  159  9:30  Barracks  
  159  9:31  Barracks, Medivac  
  169  9:32  Siege Tank  
  172  9:45  Marauder  
  174  9:46  Marine x4  
  174  9:47  Marine x4  
  178  10:04  Siege Tank, Marine x5  
  178  10:05  Marine x2  
  178  10:06  Marauder  
  194  10:13  Marine  
  187  10:17  Marine  
  187  10:18  Marine x2  
  183  10:22  Marine x2  
  183  10:23  Marine  
  183  10:28  Marauder  
  178  10:36  Siege Tank  
Show
View Real Time Build Order
Export as new Build Order

Wernah Zerg 

Build Orders: Hatch First 

Get SALT Encoding   

  12  0:03  Drone  
  13  0:13  Overlord  
  13  0:17  Drone  
  14  0:32  Drone x2  
  16  0:49  Hatchery  
  15  0:53  Drone  
  15  0:56  Drone  
  17  1:00  Drone  
  18  1:14  Spawning Pool  
  18  1:16  Extractor  
  16  1:19  Drone  
  16  1:22  Drone  
  18  1:29  Drone  
  19  1:40  Drone  
  20  1:52  Overlord  
  20  2:02  Queen  
  20  2:03  Queen  
  20  2:04  Zergling x2  
  20  2:05  Drone  
  26  2:17  Drone  
  26  2:20  Drone  
  28  2:29  Drone x2  
  29  2:37  Queen  
  29  2:38  Extractor  
  29  2:42  Drone  
  29  2:43  Drone  
  33  2:48  Metabolic Boost  
  33  2:54  Pneumatized Carapace  
  33  2:56  Drone x2  
  35  3:02  Overlord  
  35  3:08  Overlord  
  35  3:10  Overlord  
  35  3:20  Queen  
  35  3:24  Drone x6  
  43  3:40  Drone x3  
  46  3:49  Hatchery  
  45  4:02  Extractor  
  45  4:04  Extractor  
  45  4:06  Drone x8  
  45  4:08  Roach Warren, Evolution Chamber  
  49  4:12  Extractor  
  49  4:16  Drone x3  
  51  4:19  Overlord  
  51  4:20  Overlord  
  51  4:27  Spore Crawler  
  50  4:34  Queen  
  50  4:36  Spore Crawler  
  51  4:52  Drone x2  
  53  4:56  Roach x8  
  54  5:18  Drone x10  
  61  5:22  Drone  
  62  5:29  Drone  
  62  5:30  Drone  
  64  5:44  Drone  
  64  5:45  Drone x5  
  64  5:48  Drone  
  71  5:57  Lair  
  71  6:03  Drone x4  
  75  6:15  Drone x7  
  82  6:18  Overlord  
  82  6:30  Overlord x4  
  82  6:46  Zerg Missile Weapons Level 1  
  82  6:51  Drone x4, Hatchery  
  82  6:52  Drone x4  
  89  7:00  Glial Reconstitution  
  89  7:14  Drone x12  
  101  7:16  Spore Crawler, Extractor  
  101  7:17  Extractor  
  98  7:24  Evolution Chamber  
  98  7:27  Drone x6  
  103  7:42  Roach x9  
  103  7:43  Overlord  
  121  7:49  Spine Crawler  
  121  7:50  Overlord, Spine Crawler  
  119  8:02  Ravager x3  
  119  8:03  Ravager x5  
  119  8:05  Overlord x6  
  127  8:13  Roach x4  
  127  8:16  Overlord x2  
  135  8:23  Roach  
  135  8:24  Roach x5  
  147  8:32  Drone  
  148  8:39  Roach  
  148  8:40  Roach x11  
  172  8:53  Drone  
  172  8:54  Drone  
  174  9:02  Hydralisk Den, Infestation Pit  
  172  9:05  Nydus Network  
  172  9:06  Drone x5  
  172  9:08  Extractor x2  
  174  9:25  Drone  
  174  9:26  Drone  
  174  9:31  Muscular Augments  
  176  9:32  Hydralisk x8  
  176  9:33  Hydralisk x4  
  200  9:46  Nydus Canal  
  176  10:28  Hydralisk x13  
  167  10:38  Hydralisk  
  132  10:46  Hatchery  
Tags
 
Add a new tag
Caveats
  • Supply blocks, unpowered buildings, or Contaminate may cause inaccurate times.
  • Supply counts are checked every 10 seconds.